 Dungeon Crawl Stone Soup version 0.16-a0-778-g0731923 (webtiles) character file.

61 PolkaDot the Caller (level 3, -3/24 HPs)
             Began as a Vampire Summoner on Sept 25, 2014.
             Slain by Crazy Yiuf
             ... wielding a +3 quarterstaff of chaos
              (14 damage)
             ... on Level 2 of the Dungeon.
             The game lasted 00:03:48 (1687 turns).

PolkaDot the Caller (Vampire Summoner)              Turns: 1687, Time: 00:03:48

HP  -3/24        AC  3     Str  7      XL: 3   Next: 83%
MP   0/6         EV 12     Int 18      God:
Gold 88          SH  0     Dex 14      Spells:  2 memorised,  2 levels left

rFire  . . .     SeeInvis +     f - +0 dagger
rCold  . . .     Clarity  .     a - +0 robe
rNeg   . . .     rCorr    .     (no shield)
rPois  .         rRot     .     (no helmet)
rElec  .         Spirit   .     e - +0 cloak (curse)
SustAb .         Warding  .     (no gloves)
rMut   .         Stasis   .     (no boots)
Gourm  .                        (no amulet)
MR     .....                    (no ring)
                                (no ring)

@: regenerating quickly, not resistant to hostile enchantments, unstealthy
A: fangs 3, see invisible, unbreathing
a: no special abilities


You were on level 2 of the Dungeon.
You were very full.

You visited 1 branch of the dungeon, and saw 2 of its levels.

You collected 88 gold pieces.

Inventory:

Hand weapons
 f - a +0 dagger (weapon)
Armour
 a - a +0 robe (worn)
 e - a cursed +0 cloak (worn)
Scrolls
 c - 3 scrolls of identify {unknown}
 g - a scroll of teleportation {unknown}
 h - a scroll of enchant armour {unknown}
 j - 3 scrolls of remove curse {unknown}
Potions
 d - a potion of mutation {unknown}
 i - a potion of confusion {unknown}
Books
 b - a book of Callings

   Spells                             Type                      Level
   *Summon Small Mammal               Summoning                    1
   Call Imp                           Summoning                    2
   *Call Canine Familiar              Summoning                    3
   Summon Guardian Golem              Hexes/Summoning              4
   Summon Lightning Spire             Summoning/Air                4
   Summon Ice Beast                   Ice/Summoning                4


   Skills:
 - Level 2.1 Dodging
 - Level 3.0 Stealth
 - Level 2.0 Spellcasting
 * Level 5.5 Summonings


You had 2 spell levels left.
You knew the following spells:

 Your Spells              Type           Power        Failure   Level  Hunger
a - Summon Small Mammal   Summ           ###.         1%          1    #......
d - Call Canine Familiar  Summ           ###.....     6%          3    ####...


Dungeon Overview and Level Annotations

Branches:
Dungeon (2/15)

Altars:
Gozag

Annotations:
D:2 Crazy Yiuf


Innate Abilities, Weirdness & Mutations

Your natural rate of healing is unusually fast.
You have razor-sharp teeth.
You have supernaturally acute eyesight.
You can survive without breathing.


Message History

* * * LOW HITPOINT WARNING * * *
Crazy Yiuf freezes you.
* * * LOW HITPOINT WARNING * * *
Your hound bites Crazy Yiuf but does no damage.
Casting: Summon Small Mammal
Confirm with . or Enter, or press ? or * to list all spells.
* * * LOW MAGIC WARNING * * *
Your bat barely misses Crazy Yiuf.
Your quokka closely misses Crazy Yiuf.
Your hound bites Crazy Yiuf but does no damage.
Crazy Yiuf barely misses your hound.
You strike the helpless Crazy Yiuf from a blind spot!
You slash Crazy Yiuf!
Crazy Yiuf is heavily wounded.
Your bat barely misses Crazy Yiuf.
Your bat hits Crazy Yiuf but does no damage.
Your hound barely misses Crazy Yiuf.
Your quokka bites Crazy Yiuf but does no damage.
Crazy Yiuf hits you with a quarterstaff of chaos!
Ouch! That really hurt!
You die...

.#.#####
#.# ##.#
.#.....#
#.# #.##
.#####.#
#.# ##.##
.......#
#.# #..P##
########
#.# #P.P.#
#######
#.# ##..##
......#
#.###..r.#
#####.#
#...bhgr.#
......##
#####.@.##
###....#
#####
.......#
.......#
....#.##
....#.#
#####.#
#.# ###


You could see Crazy Yiuf, a friendly hound, 2 friendly quokkas and a friendly
bat.

Vanquished Creatures
  3 adders (D:2)
  A giant mite (D:2)
  A giant gecko (D:2)
  4 bats
  2 giant cockroaches (D:1)
  4 goblins (D:1)
  2 hobgoblins (D:1)
  A jackal (D:1)
  3 kobolds (D:1)
  A quokka (D:2)
  A giant newt (D:1)
  3 rats
26 creatures vanquished.

Notes
Turn   | Place    | Note
--------------------------------------------------------------
     0 | D:1      | PolkaDot, the Vampire Summoner, began the quest for the Orb.
     0 | D:1      | Reached XP level 1. HP: 13/13 MP: 3/3
   376 | D:1      | Reached XP level 2. HP: 10/19 MP: 1/4
  1202 | D:2      | Reached skill level 5 in Summonings
  1282 | D:2      | Reached XP level 3. HP: 24/24 MP: 6/6
  1482 | D:2      | Found an opulent altar of Gozag.
  1670 | D:2      | Noticed Crazy Yiuf
  1683 | D:2      | Learned a level 3 spell: Call Canine Familiar
  1687 | D:2      | Slain by Crazy Yiuf

Action                   || total
-------------------------++-------
Melee: Dagger            ||   117
       Club              ||     8
       Unarmed           ||     7
 Cast: Summon Small Mamm ||     5
       Call Canine Famil ||     1
  Use: Potion            ||     1
 Stab: Sleeping          ||     5
       Distracted        ||     1
  Eat: Corpse            ||     9
